 Dungeon Crawl Stone Soup version 0.31-a0-819-gf6de2f5ab6 (webtiles) character file.

Game seed: 8308844140033738855

13762 qw the Skirmisher (level 12, -3/80 HPs)
             Began as a Gargoyle Hunter on Sept 23, 2023.
             Was an Elder of Okawaru.
             Slain by a death yak (12 damage)
             ... on level 1 of the Lair of Beasts.
             The game lasted 00:04:47 (9747 turns).

qw the Skirmisher (Gargoyle Hunter)                 Turns: 9747, Time: 00:04:48

Health: -3/80      AC: 22    Str: 16    XL:     12   Next: 9%
Magic:  15/15      EV: 17    Int: 10    God:    Okawaru [****..]
Gold:   680        SH:  0    Dex: 17    Spells: 11/11 levels left

rFire   + . .        e - +3 shortbow (heavy)
rCold   . . .        (shield currently unavailable)
rNeg    + . .        t - +0 acid dragon scales
rPois   inf          b - +2 helmet
rElec   +            s - +0 cloak
rCorr   +            (no gloves)
SInv    .            (no boots)
Will    .....        (no amulet)
Stlth   +++          i - ring of protection from fire
HPRegen 0.33/turn    (no ring)
MPRegen 0.14/turn

%: no passive effects
@: about to teleport, heroic
A: sickness immunity, AC +8, negative energy resistance 1, electricity
resistance, torment resistance 1, petrification resistance
a: Renounce Religion, Heroism, Finesse


You were on level 1 of the Lair of Beasts.
You worshipped Okawaru.
Okawaru was greatly pleased with you.
You visited 3 branches of the dungeon, and saw 11 of its levels.
You also visited: Sewer.

You collected 680 gold pieces.


Innate Abilities, Weirdness & Mutations

You are immune to sickness and miasma.
Your stone body is resilient. (AC +8)
You are immune to poison.
You resist negative energy. (rN+)
You are resistant to electric shocks. (rElec)
You are resistant to unholy torment.
You are immune to petrification.


   Skills:
 + Level 11.0(16.0) Fighting
 - Level 14.0(19.0) Ranged Weapons
 - Level 6.1(11.1) Armour
 - Level 5.2(10.2) Dodging
 - Level 1.1(6.1) Stealth
 + Level 4.9 Invocations


You had 11 spell levels left.
You didn't know any spells.
Your spell library was empty.

Inventory:

Hand Weapons
 e - a +3 heavy shortbow (weapon)
Armour
 b - a +2 helmet (worn)
 d - a +1 robe of fire resistance
 s - a +0 cloak (worn)
 t - +0 acid dragon scales (worn)
 u - a +0 pair of gloves
Jewellery
 i - a ring of protection from fire (left hand)
 l - a ring of fire
Wands
 m - a wand of digging (4)
Scrolls
 c - 4 scrolls of teleportation
 r - 2 scrolls of identify
Potions
 a - 7 potions of enlightenment
 f - 2 potions of might
 g - a potion of cancellation
 j - 2 potions of degeneration {unknown}
 k - a potion of berserk rage {unknown}
 n - a potion of mutation {unknown}
 o - a potion of attraction {unknown}
 p - a potion of magic
 q - a potion of invisibility {unknown}

Dungeon Overview and Level Annotations

Branches:
Dungeon (9/15)             Temple (1/1) D:5            Lair (1/5) D:9
  Sewer (visited)
    Orc: D:9-12

Altars:
Ashenzari
Cheibriados
Dithmenos
Elyvilon
Gozag
Hepliaklqana
Makhleb
Nemelex Xobeh
Okawaru
Qazlal
Ru
Sif Muna
Trog
Uskayaw
Vehumet
Wu Jian
Xom
Yredelemnul
Zin
The Shining One

Shops:
D:3 (


Message History

The yak closely misses you.
The death yak gores you but does no damage.
The yak gores you! The death yak gores you.
You shoot an arrow. The arrow hits the death yak!
You kill the death yak!
Okawaru is honoured by your kill.
You can now speed up your combat.
The yak gores you but does no damage.
Your base Fighting skill increases to level 11!
You shoot an arrow. The arrow hits the yak!
The yak is moderately wounded.
The yak gores you but does no damage. The yak closely misses you.
You shoot an arrow. The arrow hits the yak!
The yak is severely wounded.
The yak barely misses you. The yak closely misses you.
You shoot an arrow. The arrow hits the yak!!
You kill the yak!
Okawaru accepts your kill. The yak barely misses you.
9743 |||
Found retreat position at -1,1 (death yak; floor) with 0 blocking monsters and 1 monsters attacking at destination at distance 1 You shoot an arrow.
The arrow hits the death yak but does no damage.
The death yak barely misses you. The yak gores you but does no damage.
9744 |||
Found retreat position at -1,1 (death yak; floor) with 0 blocking monsters and 1 monsters attacking at destination at distance 1 You shoot an arrow.
The arrow hits the death yak!
The death yak is lightly wounded.
The death yak gores you! The yak closely misses you.
9745 |||
Found retreat position at -1,1 (death yak; floor) with 0 blocking monsters and 1 monsters attacking at destination at distance 1 You shoot an arrow.
The arrow hits the death yak!
The death yak is moderately wounded.
The death yak completely misses you. The yak closely misses you.
9746 |||
Found retreat position at -1,1 (death yak; floor) with 0 blocking monsters and 1 monsters attacking at destination at distance 1 You shoot an arrow.
The arrow hits the death yak.
The death yak is heavily wounded.
The death yak gores you!! The yak gores you but does no damage.
9747 |||
Found retreat position at -1,1 (death yak; floor) with 0 blocking monsters and 1 monsters attacking at destination at distance 1
9747 ||| READING 5 scrolls of teleportation.
As you read the scroll of teleportation, it crumbles to dust.
You feel strangely unstable. The death yak gores you!
You die...

........###..# #P...#
....(...##...# ##...##
........P#...# ##..### ####
...^........## ##..## ###...
............# ##..## ##.....
#..........####..## ###......
#.......YY.###...# #........
##........Y.#..Y## #........
##.........#...#@# #........
..............#Y## #........
................## #........
.....P...........# #........
....[..<##.......## #####........
.....####.........###............
...####.................#........
..####...............P###.......#
.## #[..............### ##.....##


You could see a death yak and a yak.

Vanquished Creatures
  A two-headed ogre (D:9)
  4 death yaks (Lair:1)
  Maurice (D:8)
  Maggie (D:8)
  A cane toad (Lair:1)
  A polar bear (Lair:1)
  5 blink frogs (Lair:1)
  Grinder (D:3)
  Sigmund (D:2)
  2 wyverns (Lair:1)
  11 yaks (Lair:1)
  A wraith (D:9)
  Eustachio (D:4)
  A steam dragon (D:9)
  Edmund (D:6)
  2 water moccasins
  Duvessa (D:7)
  3 black bears
  3 ice beasts
  3 sky beasts
  4 orc warriors
  12 wolves (Lair:1)
  3 ogres
  A centaur (D:7)
  A phantom (D:7)
  2 kobold brigands
  Blork the orc (D:4)
  5 scorpions
  9 bullfrogs
  8 wights
  Dowan (D:7)
  5 killer bees (D:7)
  2 howler monkeys
  2 orc priests
  2 jellies
  4 hounds
  A gnoll bouda (D:8)
  Terence (D:2)
  A sleepcap (D:6)
  An iguana (D:4)
  6 orc wizards
  A sickly merfolk siren (Sewer)
  A malarious merfolk avatar (Sewer)
  Robin (D:3)
  8 gnolls
  7 adders
  6 river rats (Sewer)
  2 white imps
  2 ufetubi
  A worm (D:4)
  4 dart slugs
  24 orcs
  13 endoplasms
  5 giant cockroaches
  19 goblins
  8 hobgoblins
  7 jackals
  7 quokkas
  9 ball pythons
  9 bats
  6 frilled lizards
  11 kobolds
  25 rats
293 creatures vanquished.

Vanquished Creatures (others)
  Erica (D:9)
1 creature vanquished.

Grand Total: 294 creatures vanquished

Notes
Turn   | Place    | Note
-------+----------+-------------------------------------------
     0 | D:1      | qw the Gargoyle Hunter began the quest for the Orb.
     0 | D:1      | Reached XP level 1. HP: 12/12 MP: 1/1
     0 | D:1      | 0 ||| qw: Version: 0.3-a-83-gcd0e7d8
     0 | D:1      | 0 ||| qw: Game counter: 1481
     0 | D:1      | 0 ||| qw: Melee chars always use a shield: true
     0 | D:1      | 0 ||| qw: God list: Okawaru
     0 | D:1      | 0 ||| qw: Allow faded altars: false
     0 | D:1      | 0 ||| qw: Do Orc after clearing Dungeon:15 true
     0 | D:1      | 0 ||| qw: Do second Lair branch before Depths: true
     0 | D:1      | 0 ||| qw: Lair rune preference: random
     0 | D:1      | 0 ||| qw: Goals: Normal
     0 | D:1      | 0 ||| PLANNING D:1-11
    53 | D:1      | Reached XP level 2. HP: 17/17 MP: 2/2
    66 | D:1      | 66 ||| RETREEAATING.
    67 | D:1      | 67 ||| STILL RETREEAATING.
    68 | D:1      | 68 ||| Stepping ~*~*~tactically~*~*~ (retreating).
    69 | D:1      | 69 ||| Stepping ~*~*~tactically~*~*~ (retreating).
    70 | D:1      | 70 ||| Stepping ~*~*~tactically~*~*~ (retreating).
    71 | D:1      | 71 ||| Stepping ~*~*~tactically~*~*~ (retreating).
    72 | D:1      | 72 ||| Stepping ~*~*~tactically~*~*~ (retreating).
   217 | D:1      | Reached XP level 3. HP: 21/21 MP: 3/3
   228 | D:1      | Reached skill level 5 in Ranged Weapons
   457 | D:1      | 457 ||| READING scroll labelled PAULY QOEQIN.
   458 | D:1      | 458 ||| READING scroll labelled VAOQIT QAEPIM.
   459 | D:1      | 459 ||| READING scroll labelled GUNLEO WEUNAOJ.
   463 | D:1      | 463 ||| DROPPING scroll of butterflies.
   603 | D:2      | Reached skill level 3 in Fighting
   693 | D:2      | Noticed a scorpion
   707 | D:2      | Killed a scorpion
   708 | D:2      | Reached XP level 4. HP: 14/28 MP: 4/4
   775 | D:2      | Reached XP level 5. HP: 32/32 MP: 5/5
   831 | D:2      | Noticed Sigmund
   851 | D:2      | Killed Sigmund
   852 | D:2      | Reached skill level 7 in Ranged Weapons
   852 | D:2      | Reached XP level 6. HP: 20/37 MP: 6/6
   998 | D:2      | Noticed Terence
  1009 | D:2      | Killed Terence
  1349 | D:2      | 1349 ||| READING scroll labelled GOGIAFR DOSA.
  1350 | D:2      | 1350 ||| READING scroll labelled QOIDDE AMOIS.
  1351 | D:2      | 1351 ||| READING scroll labelled REMMUA ZUEHA.
  1352 | D:2      | 1352 ||| DRINKING 2 golden potions.
  1389 | D:2      | 1389 ||| DROPPING potion of lignification.
  1450 | D:3      | Found Ludag's Weapon Emporium.
  1537 | D:3      | 1537 ||| FLEEEEING.
  1546 | D:3      | 1546 ||| FLEEEEING.
  1547 | D:3      | 1547 ||| FLEEEEING.
  1548 | D:3      | 1548 ||| FLEEEEING.
  1550 | D:3      | 1550 ||| FLEEEEING.
  1551 | D:3      | 1551 ||| FLEEEEING.
  1552 | D:3      | 1552 ||| FLEEEEING.
  1553 | D:3      | 1553 ||| FLEEEEING.
  1554 | D:3      | 1554 ||| FLEEEEING.
  1555 | D:3      | 1555 ||| FLEEEEING.
  1556 | D:3      | 1556 ||| FLEEEEING.
  1557 | D:3      | 1557 ||| FLEEEEING.
  1566 | D:3      | HP: 7/37 [orc/+0 flail (3)]
  1718 | D:3      | Noticed Robin
  1732 | D:3      | Killed Robin
  1946 | D:3      | Noticed Grinder
  1958 | D:3      | Killed Grinder
  1959 | D:3      | Reached skill level 3 in Dodging
  1959 | D:3      | Reached XP level 7. HP: 42/43 MP: 7/7
  2046 | D:3      | Found a hide-covered altar of Uskayaw.
  2131 | D:3      | 2131 ||| UPGRADING to +1 helmet.
  2136 | D:3      | 2136 ||| UPGRADING to +1 robe of fire resistance.
  2146 | D:3      | 2146 ||| DRINKING 2 green potions.
  2147 | D:3      | 2147 ||| DROPPING potion of magic.
  2200 | D:4      | Noticed Blork the orc
  2201 | D:4      | 2201 ||| RETREEAATING.
  2222 | D:4      | HP: 10/43 [Blork the orc/+0 glaive (6)]
  2223 | D:4      | 2223 ||| READING scroll of teleportation.
  2225 | D:4      | Killed Blork the orc
  2528 | D:4      | HP: 8/43 [ogre/+0 giant club (29)]
  2530 | D:4      | Reached skill level 8 in Ranged Weapons
  2692 | D:4      | Noticed Eustachio
  2715 | D:4      | Killed Eustachio
  2716 | D:4      | Reached XP level 8. HP: 39/49 MP: 8/8
  2934 | D:4      | 2934 ||| READING scroll labelled MAS UGEPRIRIRYR.
  2958 | D:5      | Entered Level 5 of the Dungeon
  2959 | D:5      | 2959 ||| PLANNING SEWER
  3037 | D:5      | 3037 ||| RETREEAATING.
  3065 | D:5      | 3065 ||| FLEEEEING.
  3066 | D:5      | 3066 ||| FLEEEEING.
  3067 | D:5      | 3067 ||| FLEEEEING.
  3068 | D:5      | 3068 ||| FLEEEEING.
  3069 | D:5      | 3069 ||| FLEEEEING.
  3070 | D:5      | 3070 ||| FLEEEEING.
  3071 | D:5      | 3071 ||| FLEEEEING.
  3072 | D:5      | 3072 ||| FLEEEEING.
  3075 | D:5      | 3075 ||| FLEEEEING.
  3076 | D:5      | 3076 ||| FLEEEEING.
  3077 | D:5      | 3077 ||| FLEEEEING.
  3078 | D:5      | 3078 ||| FLEEEEING.
  3079 | D:5      | 3079 ||| STAIRDANCE
  3102 | D:4      | 3102 ||| DROPPING +0 leather armour.
  3124 | D:5      | Found a staircase to the Ecumenical Temple.
  3256 | D:5      | Reached skill level 9 in Ranged Weapons
  3261 | D:5      | 3261 ||| Stepping ~*~*~tactically~*~*~ (water).
  3264 | D:5      | Found a glowing drain.
  3272 | D:5      | 3272 ||| Stepping ~*~*~tactically~*~*~ (water).
  3283 | Sewer    | Entered a sewer
  3285 | Sewer    | 3285 ||| Stepping ~*~*~tactically~*~*~ (water).
  3287 | Sewer    | 3287 ||| Stepping ~*~*~tactically~*~*~ (water).
  3292 | Sewer    | 3292 ||| Stepping ~*~*~tactically~*~*~ (water).
  3496 | Sewer    | Reached skill level 6 in Fighting
  3727 | D:5      | 3727 ||| PLANNING OSSUARY
  3818 | D:5      | 3818 ||| RIP OSSUARY
  3818 | D:5      | 3818 ||| PLANNING TEMPLE
  3818 | D:5      | 3818 ||| UPGRADING to ring of protection from fire.
  3827 | Temple   | Entered the Ecumenical Temple
  3828 | Temple   | 3828 ||| PLANNING OKAWARU WORSHIP
  3853 | Temple   | Became a worshipper of Warmaster Okawaru
  3854 | Temple   | 3854 ||| PLANNING D:1-11
  3999 | D:5      | 3999 ||| READING scroll of enchant armour.
  3999 | D:5      | 3999 ||| ENCHANTING +1 helmet.
  4006 | D:5      | Reached XP level 9. HP: 55/55 MP: 9/9
  4008 | D:5      | Reached skill level 10 in Ranged Weapons
  4322 | D:6      | Noticed Edmund
  4339 | D:6      | Killed Edmund
  4339 | D:6      | Reached * piety under Okawaru
  4433 | D:6      | 4433 ||| Stepping ~*~*~tactically~*~*~ (water).
  4437 | D:6      | Reached skill level 1 in Invocations
  4610 | D:6      | 4610 ||| READING scroll of enchant weapon.
  4610 | D:6      | 4610 ||| ENCHANTING +1 shortbow.
  4677 | D:6      | Found a basalt altar of Yredelemnul.
  4852 | D:6      | 4852 ||| DROPPING +6 ring of intelligence.
  4853 | D:6      | 4853 ||| READING scroll labelled LIZ URGHOQEATU.
  4854 | D:6      | 4854 ||| READING 2 scrolls labelled BAELIDGHOTIUT.
  4855 | D:6      | 4855 ||| READING scroll labelled QOGAWK AQITY.
  4856 | D:6      | 4856 ||| DRINKING 2 fuming silvery potions.
  4857 | D:6      | 4857 ||| DROPPING potion of brilliance.
  4858 | D:6      | 4858 ||| DROPPING scroll of noise.
  4883 | D:7      | 4883 ||| STAIRDANCE
  4886 | D:6      | Reached skill level 3 in Invocations
  4934 | D:7      | 4934 ||| INVOKING Heroism.
  5120 | D:7      | Found a burning altar of Makhleb.
  5216 | D:7      | 5216 ||| INVOKING Heroism.
  5219 | D:7      | Reached skill level 11 in Ranged Weapons
  5493 | D:7      | Reached XP level 10. HP: 64/64 MP: 13/13
  5495 | D:7      | Noticed Dowan
  5498 | D:7      | Noticed Duvessa
  5499 | D:7      | 5499 ||| INVOKING Heroism.
  5504 | D:7      | Killed Duvessa
  5506 | D:7      | Killed Dowan
  5544 | D:7      | 5544 ||| FLEEEEING.
  5548 | D:7      | 5548 ||| FLEEEEING.
  5549 | D:7      | 5549 ||| FLEEEEING.
  5590 | D:7      | 5590 ||| Stepping ~*~*~tactically~*~*~ (retreating).
  5591 | D:7      | 5591 ||| Stepping ~*~*~tactically~*~*~ (retreating).
  5592 | D:7      | 5592 ||| Stepping ~*~*~tactically~*~*~ (retreating).
  5596 | D:7      | 5596 ||| INVOKING Heroism.
  5893 | D:7      | 5893 ||| DRINKING 2 bubbling golden potions.
  5911 | D:7      | 5911 ||| DRINKING 2 bubbling yellow potions.
  5920 | D:7      | 5920 ||| DROPPING potion of ambrosia.
  6146 | D:8      | 6146 ||| INVOKING Heroism.
  6173 | D:8      | 6173 ||| INVOKING Heroism.
  6177 | D:8      | 6177 ||| RETREEAATING.
  6178 | D:8      | 6178 ||| Stepping ~*~*~tactically~*~*~ (retreating).
  6179 | D:8      | 6179 ||| Stepping ~*~*~tactically~*~*~ (retreating).
  6299 | D:8      | Reached skill level 12 in Ranged Weapons
  6300 | D:8      | Reached ** piety under Okawaru
  6329 | D:8      | Noticed Maurice
  6331 | D:8      | 6331 ||| RETREEAATING.
  6334 | D:8      | 6334 ||| STILL RETREEAATING.
  6337 | D:8      | Paralysed by Maurice for 4 turns
  6346 | D:8      | Maurice stole a ring of flight
  6348 | D:8      | Maurice stole 337 gold
  6349 | D:8      | Killed Maurice
  6449 | D:8      | 6449 ||| INVOKING Heroism.
  6567 | D:8      | Noticed Maggie
  6577 | D:8      | 6577 ||| INVOKING Heroism.
  6580 | D:8      | Killed Maggie
  6831 | D:8      | 6831 ||| INVOKING Heroism.
  6987 | D:8      | Found an ornate altar of the Wu Jian Council.
  7189 | D:8      | 7189 ||| DROPPING +0 ring mail.
  7190 | D:8      | 7190 ||| DROPPING +0 robe of cold resistance.
  7191 | D:8      | 7191 ||| DROPPING +0 robe of willpower.
  7192 | D:8      | 7192 ||| UPGRADING to +0 cloak.
  7197 | D:8      | 7197 ||| UPGRADING to +0 acid dragon scales.
  7207 | D:8      | 7207 ||| DROPPING ring of flight.
  7208 | D:8      | 7208 ||| DRINKING 3 gluggy blue potions.
  7209 | D:8      | 7209 ||| DRINKING 2 fizzy yellow potions.
  7210 | D:8      | 7210 ||| READING 2 scrolls of identify.
  7210 | D:8      | 7210 ||| IDENTIFYING lumpy red potion
  7294 | D:9      | Found a sparkling altar of Nemelex Xobeh.
  7313 | D:9      | 7313 ||| READING scroll of enchant weapon.
  7313 | D:9      | 7313 ||| ENCHANTING +2 heavy shortbow.
  7353 | D:9      | Found a sacrificial altar of Ru.
  7405 | D:9      | Noticed Erica
  7406 | D:9      | 7406 ||| INVOKING Heroism.
  7408 | D:9      | 7408 ||| DRINKING potion of curing.
  7408 | D:9      | 7408 ||| (to cure confusion)
  7414 | D:9      | Killed Erica
  7509 | D:9      | Noticed a two-headed ogre
  7510 | D:9      | 7510 ||| INVOKING Heroism.
  7515 | D:9      | Killed a two-headed ogre
  7516 | D:9      | Reached skill level 13 in Ranged Weapons
  7516 | D:9      | Reached XP level 11. HP: 66/68 MP: 11/14
  7633 | D:9      | Reached *** piety under Okawaru
  7895 | D:9      | Found a staircase to the Lair.
  7896 | D:9      | 7896 ||| INVOKING Heroism.
  7913 | D:9      | 7913 ||| PLANNING LAIR
  7913 | D:9      | 7913 ||| READING scroll labelled HAECOZ PAIBIY.
  7916 | Lair:1   | Entered Level 1 of the Lair of Beasts
  7917 | Lair:1   | 7917 ||| PLANNING GAUNTLET
  7924 | Lair:1   | Reached skill level 9 in Fighting
  7956 | Lair:1   | 7956 ||| RETREEAATING.
  7957 | Lair:1   | 7957 ||| STILL RETREEAATING.
  7959 | Lair:1   | 7959 ||| Stepping ~*~*~tactically~*~*~ (retreating).
  7979 | Lair:1   | 7979 ||| INVOKING Heroism.
  8074 | Lair:1   | 8074 ||| RETREEAATING.
  8077 | Lair:1   | 8077 ||| Stepping ~*~*~tactically~*~*~ (retreating).
  8078 | Lair:1   | 8078 ||| Stepping ~*~*~tactically~*~*~ (retreating).
  8079 | Lair:1   | 8079 ||| Stepping ~*~*~tactically~*~*~ (retreating).
  8083 | Lair:1   | Reached skill level 14 in Ranged Weapons
  8093 | Lair:1   | 8093 ||| INVOKING Heroism.
  8303 | Lair:1   | 8303 ||| INVOKING Heroism.
  8372 | Lair:1   | 8372 ||| RIP GAUNTLET
  8414 | Lair:1   | 8414 ||| PLANNING LAIR
  8555 | Lair:1   | 8555 ||| RETREEAATING.
  8612 | Lair:1   | Noticed a death yak
  8613 | Lair:1   | 8613 ||| INVOKING Heroism.
  8613 | Lair:1   | Noticed a death yak
  8614 | Lair:1   | 8614 ||| RETREEAATING.
  8615 | Lair:1   | 8615 ||| STILL RETREEAATING.
  8616 | Lair:1   | 8616 ||| STILL RETREEAATING.
  8617 | Lair:1   | 8617 ||| STILL RETREEAATING.
  8618 | Lair:1   | 8618 ||| STILL RETREEAATING.
  8619 | Lair:1   | 8619 ||| STILL RETREEAATING.
  8620 | Lair:1   | 8620 ||| STILL RETREEAATING.
  8621 | Lair:1   | 8621 ||| STILL RETREEAATING.
  8622 | Lair:1   | 8622 ||| STILL RETREEAATING.
  8627 | Lair:1   | Noticed a death yak
  8628 | Lair:1   | Killed a death yak
  8637 | Lair:1   | 8637 ||| Stepping ~*~*~tactically~*~*~ (retreating).
  8638 | Lair:1   | 8638 ||| INVOKING Heroism.
  8639 | Lair:1   | 8639 ||| Stepping ~*~*~tactically~*~*~ (retreating).
  8640 | Lair:1   | 8640 ||| Stepping ~*~*~tactically~*~*~ (retreating).
  8643 | Lair:1   | Noticed a death yak
  8645 | Lair:1   | Noticed a death yak
  8646 | Lair:1   | Killed a death yak
  8646 | Lair:1   | Reached **** piety under Okawaru
  8648 | Lair:1   | 8648 ||| Stepping ~*~*~tactically~*~*~ (retreating).
  8649 | Lair:1   | Killed a death yak
  8651 | Lair:1   | 8651 ||| Stepping ~*~*~tactically~*~*~ (retreating).
  8654 | Lair:1   | HP: 18/72 [yak (6)]
  8655 | Lair:1   | 8655 ||| READING 7 scrolls of teleportation.
  8655 | Lair:1   | HP: 6/72 [yak (12)]
  8656 | Lair:1   | 8656 ||| DRINKING 2 potions of heal wounds.
  8657 | Lair:1   | 8657 ||| INVOKING Heroism.
  8821 | Lair:1   | 8821 ||| INVOKING Heroism.
  8982 | Lair:1   | 8982 ||| INVOKING Heroism.
  8983 | Lair:1   | 8983 ||| RETREEAATING.
  8984 | Lair:1   | 8984 ||| STILL RETREEAATING.
  8996 | Lair:1   | 8996 ||| Stepping ~*~*~tactically~*~*~ (retreating).
  8997 | Lair:1   | 8997 ||| Stepping ~*~*~tactically~*~*~ (retreating).
  8998 | Lair:1   | 8998 ||| Stepping ~*~*~tactically~*~*~ (retreating).
  9002 | Lair:1   | 9002 ||| Stepping ~*~*~tactically~*~*~ (retreating).
  9003 | Lair:1   | 9003 ||| Stepping ~*~*~tactically~*~*~ (retreating).
  9005 | Lair:1   | 9005 ||| RETREEAATING.
  9006 | Lair:1   | 9006 ||| Stepping ~*~*~tactically~*~*~ (retreating).
  9007 | Lair:1   | 9007 ||| INVOKING Heroism.
  9015 | Lair:1   | Reached skill level 6 in Armour
  9517 | Lair:1   | 9517 ||| INVOKING Heroism.
  9519 | Lair:1   | 9519 ||| RETREEAATING.
  9520 | Lair:1   | 9520 ||| STILL RETREEAATING.
  9522 | Lair:1   | 9522 ||| STILL RETREEAATING.
  9523 | Lair:1   | 9523 ||| STILL RETREEAATING.
  9524 | Lair:1   | 9524 ||| STILL RETREEAATING.
  9525 | Lair:1   | 9525 ||| STILL RETREEAATING.
  9526 | Lair:1   | 9526 ||| Stepping ~*~*~tactically~*~*~ (retreating).
  9527 | Lair:1   | 9527 ||| Stepping ~*~*~tactically~*~*~ (retreating).
  9528 | Lair:1   | 9528 ||| Stepping ~*~*~tactically~*~*~ (retreating).
  9533 | Lair:1   | HP: 16/73 [death yak (9)]
  9534 | Lair:1   | 9534 ||| READING 6 scrolls of teleportation.
  9535 | Lair:1   | 9535 ||| DRINKING potion of heal wounds.
  9715 | Lair:1   | 9715 ||| RETREEAATING.
  9716 | Lair:1   | 9716 ||| STILL RETREEAATING.
  9719 | Lair:1   | Reached XP level 12. HP: 78/78 MP: 15/15
  9719 | Lair:1   | 9719 ||| STILL RETREEAATING.
  9721 | Lair:1   | 9721 ||| Stepping ~*~*~tactically~*~*~ (retreating).
  9725 | Lair:1   | 9725 ||| INVOKING Heroism.
  9739 | Lair:1   | Killed a death yak
  9746 | Lair:1   | HP: 8/80 [death yak (19)]
  9747 | Lair:1   | 9747 ||| READING 5 scrolls of teleportation.
  9747 | Lair:1   | Slain by a death yak

Levels and vault maps discovered:
D:1:      wander_arrival_desolate, layout_rooms
D:2:      layout_loops_ring, uniq_terence, uniq_sigmund
D:3:      layout_rooms, mainiacjoe_overflow_alcove_4, serial_shops, shop,
          chequers_serial_rivers_micro_a, uniq_robin, uniq_grinder
D:4:      layout_cave_pools, eino_tiny_chamber, minmay_misc_feat_square,
          uniq_blork_the_orc, uniq_eustachio
D:5:      layout_rooms, minmay_temple_entry_grid,
          lightli_ossuary_entry_decrepit_ruins, gup_sewer_entry_pipe
D:6:      layout_rooms, lemuel_doored_altar, uniq_edmund
D:7:      layout_cave_pods, lightli_temple_of_fire, serial_bayou_pond_d,
          uniq_duvessa
D:8:      layout_loops_ring, nicolae_wu_jian_glorious_leap, uniq_maggie,
          uniq_maurice
D:9:      layout_loops_ring, mainiacjoe_overflow_tiny_flanked,
          nicolae_ru_sacrificial_ziggurat, grunt_lair_entry_orc_guard_hut,
          uniq_erica
Temple:   minmay_temple_curvy_branch
Lair:1:   layout_cave_pods, gauntlet_entry_generic, lemuel_fruit_fields

Skill      XL: |  1  2  3  4  5  6  7  8  9 10 11 12 |
---------------+-------------------------------------+-----
Ranged Weapons | 5 7 8 9 11 13 14 | 14.0
Fighting       | 3 4 5 6 8 10 11 | 11.0
Dodging        | 3 4 5 |  5.2
Armour         | 2 4 6 |  6.1
Invocations    | 4 |  4.9
Stealth        | |  1.1

Action                     |  1- 3 |  4- 6 |  7- 9 | 10-12 || total
---------------------------+-------+-------+-------+-------++-------
   Fire: Shortbow          |   119 |   106 |   535 |   385 ||  1145
 Invoke: Heroism           |       |       |     2 |    21 ||    23
    Use: Scroll            |     3 |     3 |     7 |     6 ||    19
         Potion            |       |     1 |     2 |     7 ||    10
 Armour: Leather armour    |    32 |    40 |     2 |       ||    74
         Robe              |       |       |   134 |    45 ||   179
         Acid dragon scale |       |       |       |   154 ||   154
  Dodge: Dodged            |    22 |    25 |   133 |   216 ||   396

Table legend:
 A = Non-vault XP
 B = Vault XP
 C = Vault XP percentage of total XP
 D = Non-vault monster count
 E = Vault monster count
 F = Vault count percentage of total count
                 A         B        C        D         E       F
            +---------+---------+-------+---------+---------+-------
      Total |   16109 |    3551 |  18.1 |     225 |      69 |  23.5
            +---------+---------+-------+---------+---------+-------
        D:1 |      50 |       0 |   0.0 |      31 |       0 |   0.0
        D:2 |     119 |     262 |  68.8 |      20 |       2 |   9.1
        D:3 |      70 |     288 |  80.4 |      15 |      14 |  48.3
        D:4 |     304 |     296 |  49.3 |      22 |       2 |   8.3
        D:5 |     982 |      10 |   1.0 |      30 |       5 |  14.3
        D:6 |     869 |     158 |  15.4 |      13 |       1 |   7.1
        D:7 |    1507 |     198 |  11.6 |      25 |       2 |   7.4
        D:8 |    1303 |     864 |  39.9 |      26 |       2 |   7.1
        D:9 |    1269 |    1273 |  50.1 |       4 |       6 |  60.0
     Lair:1 |    9636 |       0 |   0.0 |      39 |       0 |   0.0
      Sewer |       0 |     202 | 100.0 |       0 |      35 | 100.0
            +---------+---------+-------+---------+---------+-------
